 Dungeon Crawl Stone Soup version 0.26-a0-651-gb41185065b (webtiles) character file.

Game seed: 6557588403001346624

13 Flugslaktarn the Shield-Bearer (level 2, -1/27 HPs)
             Began as a Deep Dwarf Fighter on Oct 22, 2020.
             Killed by nerve-wracking pain
             ... invoked by Grinder
              (4 damage)
             ... while paralysed by Grinder
             ... on level 3 of the Dungeon.
             The game lasted 00:00:11 (160 turns).

Flugslaktarn the Shield-Bearer (Deep Dwarf Fighter)  Turns: 160, Time: 00:00:11

Health: -1/27      AC:  9    Str: 19    XL:     2   Next: 24%
Magic:  2/2        EV:  2    Int:  8    God:
Gold:   15         SH:  0    Dex: 12    Spells: 1/1 levels left

rFire    . . .     SeeInvis .   a - +0 war axe
rCold    . . .     Faith    .   c - +0 kite shield
rNeg     . . .     Spirit   .   f - +0 chain mail
rPois    .         Reflect  .   (no helmet)
rElec    .         Harm     .   (no cloak)
rCorr    .         Rampage  .   (no gloves)
MR       .....                  (no boots)
Stlth    ..........             (no amulet)
HPRegen  0.00/turn              (no ring)
MPRegen  0.08/turn              (no ring)

@: paralysed, lethally poisoned (-1 -> -2), non-regenerating
A: damage resistance, heal wounds, sense surroundings 1, no regeneration
a: Heal Wounds


You were on level 3 of the Dungeon.
You visited 1 branch of the dungeon, and saw 3 of its levels.

You collected 15 gold pieces.

Inventory:

Hand Weapons
 a - a +0 war axe (weapon)
Armour
 b - a +0 scale mail
 c - a +0 kite shield (worn)
 f - a +0 chain mail (worn)
   (You found it on level 1 of the Dungeon)
Scrolls
 e - a scroll of enchant armour {unknown}
 h - a scroll of teleportation {unknown}
Potions
 d - a potion of might
 g - a potion of cancellation {unknown}


   Skills:
 * Level 2.9 Fighting
 * Level 2.6 Axes
 + Level 3.4 Armour
 + Level 3.4 Shields


You had one spell level left.
You didn't know any spells.
Your spell library was empty.

Dungeon Overview and Level Annotations

Branches:
Dungeon (3/15)

Altars:
Yredelemnul

Annotations:
D:3 Grinder


Innate Abilities, Weirdness & Mutations

You are resistant to damage.
You can heal yourself by infusing magical energy.
You passively map a small area around you.
You do not regenerate.


Message History

You closely miss the orc. You barely miss the orc. You hit Grinder.
You feel very sick.
The orc hits you but does no damage. x3; You block the orc's attack.
Grinder gestures at you.
You suddenly lose the ability to move!
The kobold hits you but does no damage.
You feel sick. The orc hits you but does no damage. x2
The orc hits you with a +0 flail.
* * * LOW HITPOINT WARNING * * *
A hobgoblin comes into view. It is wielding a +0 club.
The orc hits you but does no damage.
Grinder blinks!
The kobold hits you but does no damage.
You feel sick.
The hobgoblin shouts!
The orc hits you with a +0 hand axe. The orc hits you but does no damage.
The orc hits you from afar with a +0 trident.
* * * LOW HITPOINT WARNING * * *
The orc hits you but does no damage. The rat bites you but does no damage.
Grinder gestures at you. Pain shoots through your body!
You die...

, * * ** , ##..
.. , ##... .#*
* ,
,.##.[#.###.#
...........# *
.g.........# ,
, *#....r....#
##...oo)o..## ,
.....go@5.>.#
.######Kr......
* #.P.P.##. , *
, ..._..# ,
,,,,,..P.P.# ,
, .......# ,,
...##### , , *
*#.... ,


You could see Grinder, 4 orcs, 2 hobgoblins, a kobold and 2 rats.

Vanquished Creatures
  A worm (D:2)
  A leopard gecko (D:2)
  An orc (D:3)
  3 hobgoblins
  A bat (D:2)
  A rat (D:2)
8 creatures vanquished.

Notes
Turn   | Place    | Note
-------+----------+-------------------------------------------
     0 | D:1      | Flugslaktarn the Deep Dwarf Fighter began the quest for the
                  | Orb.
     0 | D:1      | Reached XP level 1. HP: 20/20 MP: 1/1
   115 | D:2      | Reached XP level 2. HP: 20/27 MP: 2/2
   153 | D:3      | Found a basalt altar of Yredelemnul.
   153 | D:3      | Noticed Grinder
   158 | D:3      | Paralysed by Grinder for 4 turns
   160 | D:3      | Killed from afar by Grinder

Illustrated notes

Levels and vault maps discovered:
D:1:      minmay_arrival_checkered_box, layout_basic,
          corexii_item_surrounded_by_moat
D:2:      layout_loops_ring, overflow_temple_1_default
D:3:      lemuel_upstairs_altar, layout_rooms, yredelemnul_altar_generic,
          chequers_avenue, corexii_item_surrounded_by_moat,
          minmay_misc_feat_plants, kennysheep_generic_room_4, uniq_grinder

Action                   || total
-------------------------++-------
Melee: War axe           ||    31
Armor: Chain mail        ||    25
Dodge: Dodged            ||    11
Block: Kite shield       ||    20

Table legend: (Time is in decaauts)
 A = Elapsed time spent in this place.
 B = Non-inter-level travel time spent in this place.
 C = Inter-level travel time spent in this place.
 D = Time resting spent in this place.
 E = Time spent auto-exploring this place.
 F = Levels seen in this place.
 G = Mean time per level.
                   A        B        C        D        E       F      G
               +--------+--------+--------+--------+--------+-----+--------+
         Total |    173 |    139 |     34 |      0 |     53 |   3 |   57.7 |
       Dungeon |    173 |    139 |     34 |      0 |     53 |   3 |   57.7 |
               +--------+--------+--------+--------+--------+-----+--------+

Top non-repeatable levels by time:
     D:2: 108 daAuts
     D:1: 56 daAuts
     D:3: 9 daAuts
